[Event "Team 45 45 League T25"]
[Site "Free Internet Chess Server"]
[Date "PST.01.0"]
[Round "4"]
[White "nasmichael"]
[Black "blkmagic"]
[Result "0-1"]
[WhiteElo "1273"]
[BlackElo "1054"]
[TimeControl "2700+45"]

1. e4 c5 2. Nf3 d6 3. c3 Nf6 4. d3 Bg4 5. Be2 e5 6. Bg5 Be7 7. h3 Bxf3 8. Bxf3 O-O 9. Nd2 Nc6 10. Qe2 Rc8 11. O-O Qa5 12. Rfb1 Rfd8 13. g4 b5 14. Qd1 b4 15. Nc4 Qa6 16. Bd2 Na5 17. Ne3 Qxd3 18. Be1 Qxd1 19. Rxd1 b3 20. axb3 Nxb3 21. Rxa7 Bf8 22. Ra3 Rb8 23. Bh1 d5 24. f3 c4 25. Bh4 Bxa3 26. bxa3 dxe4 27. Rf1 Nd2 28. Rf2 Rb1+ 29. Kh2 Rd3   {White resigns} 0-1

[Event "Team 45 45 League T25"]
[Site "Free Internet Chess Server"]
[Date "PST.01.0"]
[Round "4"]
[White "adingod"]
[Black "Struggler"]
[Result "1-0"]
[WhiteElo "2122"]
[BlackElo "1817"]
[TimeControl "2700+45"]

1. d4 Nf6 2. Nf3 e6 3. e3 b6 4. Bd3 Bb7 5. Nbd2 Be7 6. O-O O-O 7. e4 d6 8. Re1 c5 9. c3 Qc7 10. Qe2 e5 11. d5 Nbd7 12. Nf1 Rfe8 13. Ng3 a6 14. a4 Nf8 15. Nf5 Ng6 16. g3 Bf8 17. Bg5 Nd7 18. h4 h6 19. Be3 Ne7 20. Nxe7+ Rxe7 21. Nd2 f5 22. exf5 Bxd5 23. Bxa6 Nf6 24. Bb5 Bf7 25. b4 d5 26. bxc5 bxc5 27. f3 d4 28. Bf2 Nd5 29. Ne4 Nb6 30. f6 Re6 31. fxg7 Bxg7 32. Kh2 Ra5 33. Qd2 Ra7 34. Rec1 Rg6 35. h5 Re6 36. cxd4 exd4 37. Nxc5 Qe5 38. Nxe6 Qxh5+ 39. Kg1 Bxe6 40. Bxd4 Qxf3 41. Bxb6 Bd5 42. Rc8+ Kh7 43. Qd3+ Be4 44. Qxf3   {Black resigns} 1-0

[Event "Team 45 45 League T25"]
[Site "Free Internet Chess Server"]
[Date "PST.01.0"]
[Round "4"]
[White "Pawns"]
[Black "MStav"]
[Result "1/2-1/2"]
[WhiteElo "1753"]
[BlackElo "1732"]
[TimeControl "2700+45"]

1. e4 c6 2. d4 d5 3. e5 Bf5 4. Nf3 e6 5. Be2 c5 6. Be3 Nd7 7. O-O cxd4 8. Bxd4 Bc5 9. c3 Ne7 10. b4 Bxd4 11. cxd4 O-O 12. Nbd2 Rc8 13. Nb3 b6 14. Bd3 Bxd3 15. Qxd3 Nf5 16. a4 Qe7 17. Qd2 Rc4 18. b5 Rfc8 19. Rfc1 h6 20. a5 Qd8 21. a6 R8c7 22. Rab1 Qc8 23. g4 Ne7 24. g5 Nf5 25. gxh6 Nxh6 26. Rxc4 Rxc4 27. Kh1 Rc2 28. Rc1 Rxc1+ 29. Qxc1   {Game drawn by mutual agreement} 1/2-1/2

[Event "Team 45 45 League T25"]
[Site "Free Internet Chess Server"]
[Date "PST.01.0"]
[Round "4"]
[White "Gazzer"]
[Black "Curveball"]
[Result "1-0"]
[WhiteElo "1719"]
[BlackElo "1673"]
[TimeControl "2700+45"]

1. e4 d5 2. exd5 Qxd5 3. Nc3 Qa5 4. d4 Nf6 5. Bc4 Bf5 6. Bd2 c6 7. Nd5 Qd8 8. Nxf6+ exf6 9. Bf4 Be7 10. Ne2 Nd7 11. c3 O-O 12. O-O Nb6 13. Bb3 Bd6 14. Bxd6 Qxd6 15. Ng3 Bg6 16. Re1 Rfe8 17. Qf3 a5 18. a3 Nd5 19. Bxd5 Qxd5 20. Qxd5 cxd5 21. Ne2 Bc2 22. Nf4 Bb3 23. Nd3 b6 24. f3 Kf8 25. Kf2 Rxe1 26. Rxe1 Re8 27. Nc1 Rxe1 28. Kxe1 Bc4 29. b3 Ba6 30. Ne2 g5 31. Kd2 Ke7 32. Ng3 Ke6 33. Ke3 Bb5 34. f4 gxf4+ 35. Kxf4 Bd3 36. Ke3 Bc2 37. b4 axb4 38. cxb4 f5 39. Kf4 Be4 40. a4 Bd3 41. a5 bxa5 42. bxa5 f6 43. Nxf5 Kd7 44. Ne3 Kc6 45. Ng4 Be4 46. g3 f5 47. Nf6 Kb5 48. Ke5 Kxa5 49. Nxd5 Ka6 50. Nf6 Bc2 51. Kf4 Kb6 52. d5 Kc7 53. Nxh7 Kd6 54. Nf6 Ke7 55. Ke5 Kd8 56. h4 Bd1   {Black resigns} 1-0

[Event "Team 45 45 League T25"]
[Site "Free Internet Chess Server"]
[Date "PST.01.0"]
[Round "4"]
[White "DesparateDan"]
[Black "BIRDSMAN"]
[Result "1/2-1/2"]
[WhiteElo "1599"]
[BlackElo "1558"]
[TimeControl "2700+45"]

1. e4 c5 2. Nf3 d6 3. d4 cxd4 4. Nxd4 Nf6 5. Nc3 Nc6 6. Bg5 e6 7. Qd2 a6 8. O-O-O Be7 9. Nb3 Qb6 10. f4 O-O 11. Bxf6 Bxf6 12. Qxd6 Rd8 13. Qc5 Qxc5 14. Nxc5 Bxc3 15. Rxd8+ Nxd8 16. bxc3 b6 17. Nb3 Bb7 18. Bd3 Rc8 19. Kb2 Nc6 20. Re1 Kf8 21. g3 h6 22. h4 h5 23. Be2 g6 24. Bd3 Rd8 25. Re3 Kg7 26. Re1 Rd7 27. Kc1 Kf8 28. Rg1 Ke7 29. Re1 Kf8 30. Kd2 Kg7 31. Ke3 Rc7 32. Kd2 Rd7 33. Kc1 Kf8   {Game drawn by repetition} 1/2-1/2

[Event "Team 45 45 League T25"]
[Site "Free Internet Chess Server"]
[Date "PST.01.0"]
[Round "4"]
[White "TGV"]
[Black "Akavall"]
[Result "0-1"]
[WhiteElo "1802"]
[BlackElo "1842"]
[TimeControl "2700+45"]

1. d4 Nf6 2. Nf3 e6 3. c4 b6 4. e3 Bb7 5. Be2 Be7 6. Nc3 O-O 7. O-O d6 8. d5 e5 9. e4 Nbd7 10. Ne1 Nc5 11. Qc2 a5 12. f4 Bc8 13. fxe5 dxe5 14. Nd3 Nfxe4 15. Nxe5 Nxc3 16. Qxc3 Ne4 17. Qf3 Bc5+ 18. Be3 Nd2 19. Qf2 Bxe3 20. Qxe3 Nxf1 21. Rxf1 Qe7 22. Bh5 f6 23. Ng4 Qxe3+ 24. Nxe3 g6 25. Bf3 Bb7 26. Nc2 Rae8 27. Nd4 Bc8 28. Kf2 Bd7 29. a3 Kg7 30. h3 Rf7 31. Ne6+ Bxe6 32. dxe6 Rfe7 33. Bd5 Rd8 34. Kf3 c6 35. Bxc6 Rxe6 36. Bd5 Re5 37. b4 Rexd5 38. cxd5 Rxd5 39. Re1 Rd3+ 40. Re3 Rxe3+ 41. Kxe3 axb4 42. axb4 Kf7 43. Kd4 Ke6 44. b5 Kd6 45. Kc4 Ke5 46. g4 Ke4 47. Kc3 f5 48. gxf5 gxf5 49. Kd2 Kf3 50. h4 f4 51. Kd3 Kg2 52. Ke4 f3   {White resigns} 0-1

[Event "Team 45 45 League T25"]
[Site "Free Internet Chess Server"]
[Date "PST.01.0"]
[Round "4"]
[White "ButiOxa"]
[Black "Atreus"]
[Result "0-1"]
[WhiteElo "1791"]
[BlackElo "1838"]
[TimeControl "2700+45"]

1. e4 e6 2. d4 d5 3. Nd2 c5 4. exd5 exd5 5. Bb5+ Nc6 6. Qe2+ Be7 7. dxc5 Nf6 8. Nb3 O-O 9. Be3 a6 10. Bxc6 bxc6 11. Nf3 Re8 12. Nfd4 Qc7 13. O-O-O a5 14. a4 Rb8 15. Qd3 Ne4 16. Bd2 Nxf2   {White resigns} 0-1

[Event "Team 45 45 League T25"]
[Site "Free Internet Chess Server"]
[Date "PST.01.0"]
[Round "4"]
[White "MGoo"]
[Black "threeNT"]
[Result "1-0"]
[WhiteElo "1677"]
[BlackElo "1742"]
[TimeControl "2700+45"]

1. d4 Nf6 2. c4 g6 3. Nc3 d5 4. cxd5 Nxd5 5. Qb3 Nxc3 6. Qxc3 Bg7 7. Bf4 c5 8. Qxc5 Bxd4 9. Qb5+ Nc6 10. e3 Bb6 11. Rd1 Ba5+ 12. Ke2 Bg4+ 13. Nf3 Bxf3+ 14. gxf3 Qb6 15. Qxb6 Bxb6 16. Bh3 e5 17. Bd7+ Ke7 18. Bxc6 exf4 19. Bxb7 Rab8 20. Ba6 Bc7 21. b3 Rhd8 22. h3 Rb6 23. Rxd8 Kxd8 24. Rd1+ Ke7 25. Bc4 Rd6 26. Rc1 Rc6 27. Rc2 g5 28. Rc1 Be5 29. Rd1 Rd6 30. Rxd6 Kxd6 31. Bxf7 Kc5 32. Bg8 h6 33. Kd3 Kb4 34. Ke4 Bd6 35. Kd5 Bb8 36. e4 Ka3 37. e5 Bc7 38. e6 Bd8 39. Kc6 Bf6 40. Kd7 Kxa2 41. e7 Bxe7 42. Kxe7 Ka3 43. Kf6   {Black resigns} 1-0

[Event "Team 45 45 League T25"]
[Site "Free Internet Chess Server"]
[Date "2005.01.10"]
[Round "4"]
[White "BlkSabb"]
[Black "Pieris"]
[Result "1/2-1/2"]
[WhiteElo "1736"]
[BlackElo "1724"]
[TimeControl "2700+45"]

1. d4 f5 2. c4 Nf6 3. Nc3 g6 4. Nf3 Bg7 5. g3 d6 6. Bg2 Nc6 7. d5 Nb8 8. O-O O-O 9. Re1 Nbd7 10. Qc2 Nc5 11. b4 Nfe4 12. Bb2 Nxc3 13. Bxc3 Bxc3 14. Qxc3 Ne4 15. Qc2 Qe8 16. Nd2 Ng5 17. c5 f4 18. gxf4 Rxf4 19. Nf3 Nh3+ 20. Kf1 Rxb4 21. cxd6 exd6 22. Qxc7 Qd7 23. Rac1 Nf4 24. Qxd7 Bxd7 25. Rc7 Nxg2 26. Kxg2 Bf5 27. Rd1 Re8 28. Rd4 Rb2 29. e3 Rxe3 30. Rh4 h5 31. Ra4 Be4 32. Rxa7 Bxf3+ 33. Kg3 Re8 34. Kxf3 Rf8+ 35. Kg3 Rbxf2 36. Rcxb7   {Game drawn by mutual agreement} 1/2-1/2

[Event "Team 45 45 League T25"]
[Site "Free Internet Chess Server"]
[Date "2005.01.11"]
[Round "4"]
[White "adingod"]
[Black "Sportsmen"]
[Result "1-0"]
[WhiteElo "2127"]
[BlackElo "2231"]
[TimeControl "2700+45"]

1. d4 f5 2. Nf3 Nf6 3. e3 g6 4. Bd3 Bg7 5. Nbd2 O-O 6. O-O d6 7. e4 fxe4 8. Nxe4 Bg4 9. h3 Bxf3 10. Qxf3 Nc6 11. c3 d5 12. Nxf6+ Bxf6 13. Qg3 e5 14. Bh6 Rf7 15. dxe5 Nxe5 16. Bc2 Qd7 17. f4 Nc4 18. f5 g5 19. Rfe1 Kh8 20. Rab1 Rg8 21. Re6 b5 22. Qd3 g4 23. hxg4 Rxg4 24. Qh3 Rg8 25. Bd1 Be7 26. Bh5 Rf6 27. Rbe1 Rxe6 28. fxe6 Qd6 29. Bf7 Rg3 30. Qf5 Nxb2 31. Bf4 Qc5+ 32. Kh1 Rg7 33. Be5 Nd3 34. Qxd3   {Black resigns} 1-0

[Event "Team 45 45 League T25"]
[Site "Free Internet Chess Server"]
[Date "PST.01.0"]
[Round "4"]
[White "Matias"]
[Black "Ninaber"]
[Result "1/2-1/2"]
[WhiteElo "2040"]
[BlackElo "2055"]
[TimeControl "2700+45"]

1. d4 Nf6 2. c4 d5 3. Nc3 e6 4. Bg5 Bb4 5. e3 O-O 6. Nf3 a6 7. Qb3 Nc6 8. a3 Bxc3+ 9. Qxc3 h6 10. Bh4 g5 11. Bg3 Ne4 12. Qc2 h5 13. h4 Nxg3 14. fxg3 g4 15. Ng5 f5 16. O-O-O Qd6 17. Qf2 Bd7 18. Bd3 Kg7 19. Qf4 Rae8 20. c5 e5 21. Qf2 Qe7 22. Rhe1 Na5 23. Bc2 Nc4 24. Bb3 b5 25. Ba2 Kh6 26. Re2 exd4 27. Qf4 Kg6 28. Bxc4 dxc4 29. Rxd4 Bc6 30. Kd2 a5 31. Kc3 Qxc5 32. Qxc7 Rxe3+ 33. Rxe3 b4+ 34. axb4 axb4+ 35. Kd2 Qxd4+ 36. Ke2 Bd7 37. Re6+ Rf6 38. Rxf6+ Kxf6 39. Qd8+ Kg6 40. Qg8+ Qg7 41. Qxc4 Qxb2+ 42. Kf1 Qf6 43. Qxb4 Bc6 44. Qd2 Qa1+ 45. Kf2 Qa7+ 46. Qe3 Qxe3+ 47. Kxe3 Bxg2 48. Ne6 Bf3 49. Kf4 Kf6 50. Nd4 Be4 51. Ne2 Bd3 52. Nd4   {Game drawn by mutual agreement} 1/2-1/2

[Event "Team 45 45 League T25"]
[Site "Free Internet Chess Server"]
[Date "PST.01.0"]
[Round "4"]
[White "YOIULI"]
[Black "zota"]
[Result "1-0"]
[WhiteElo "1898"]
[BlackElo "1859"]
[TimeControl "2700+45"]

1. e4 c5 2. c3 e6 3. d4 d5 4. exd5 exd5 5. Nf3 Nc6 6. dxc5 Bxc5 7. Be2 Nge7 8. Bg5 Qb6 9. O-O Qxb2 10. Nbd2 O-O 11. Nb3 Bd6 12. Bd2 Bf5 13. Nfd4 Nxd4 14. Nxd4 Bg6 15. Nb5 Be5 16. f4 Bc2 17. Qc1 Qxc1 18. Raxc1 Ba4 19. fxe5 Ng6 20. Bf4 a6 21. Nd4 Rfe8 22. Bh5 Nxf4 23. Rxf4 g6 24. Bf3 Rxe5 25. Rb1 Bc6 26. Nxc6 bxc6 27. Rb7 f5 28. Rc7 g5 29. Rd4 g4 30. Bd1 Rb8 31. Bb3 Rbe8 32. Rxc6 g3 33. hxg3 Re1+ 34. Kh2 Rc1 35. Rxd5 Kh8 36. Rxf5   {Black resigns} 1-0

[Event "Team 45 45 League T25"]
[Site "Free Internet Chess Server"]
[Date "2005.01.10"]
[Round "4"]
[White "impe"]
[Black "Louro"]
[Result "0-1"]
[WhiteElo "1771"]
[BlackElo "1843"]
[TimeControl "2700+45"]

1. e4 c5 2. Nf3 d6 3. d4 cxd4 4. Nxd4 Nf6 5. Nc3 a6 6. Be3 e5 7. Nb3 Be7 8. f3 Be6 9. Qd2 Nbd7 10. O-O-O b5 11. g4 Nb6 12. h4 b4 13. Bxb6 Qxb6 14. Nd5 Nxd5 15. exd5 Bd7 16. Kb1 a5 17. Qd3 Qc7 18. Nd2 a4 19. Ne4 O-O 20. Be2 Rfc8 21. Ng5 g6 22. Rc1 a3 23. b3 Bb5 24. c4 bxc3 25. Qc2 Bxe2 26. Qxe2 Qb7 27. Qd3 Ra5 28. Rxc3 Rxc3 29. Qxc3 Rxd5 30. Rc1 Rc5 31. Qe3 Rxc1+ 32. Kxc1 Qb4 33. h5 Qc5+ 34. Qxc5 Bxg5+   {White resigns} 0-1